Map: Odyssey LE

Players

lllllllIIIIl (Nina)

  • Race: Protoss Protoss
  • League: Grandmaster
  • Spawn Location: 5:00

Scarlett - Winner!

  • Race: Zerg Zerg
  • Spawn Location: 11:00

VOD

Have the link to the VOD?

Description

Time

  • Played on: Dec. 23, 2017, 9:09 p.m.
  • Length: 10:20
Show
View Real Time Build Order
Export as new Build Order

lllllllIIIIl Protoss 

Build Orders:  

Get SALT Encoding   

  12  0:00  Probe  
  13  0:12  Probe  
  14  0:19  Pylon  
  14  0:25  Probe (Chrono Boost)  
  15  0:37  Probe (Chrono Boost)  
  15  0:39  Gateway  
  16  0:46  Probe (Chrono Boost)  
  16  0:49  Assimilator  
  17  0:52  Probe  
  18  1:04  Probe  
  19  1:16  Probe  
  20  1:27  Cybernetics Core, Zealot (Chrono Boost)  
  20  1:30  Probe  
  23  1:32  Pylon  
  22  1:49  Probe  
  22  1:50  Zealot (Chrono Boost)  
  25  1:56  Gateway  
  24  2:14  Stalker (Chrono Boost)  
  24  2:24  Probe  
  24  2:37  Probe  
  24  2:38  Stalker  
  25  2:59  Probe  
  25  3:01  Zealot (Chrono Boost)  
  30  3:19  Pylon, Zealot (Chrono Boost)  
  30  3:30  Shield Battery  
  30  3:33  Pylon  
  30  3:37  Stalker  
  30  3:39  Zealot  
  32  3:46  Shield Battery  
  32  3:47  Shield Battery  
  28  3:57  Shield Battery  
  28  4:00  Shield Battery  
  26  4:06  Stalker (Chrono Boost)  
  28  4:19  Stalker (Chrono Boost)  
  26  4:31  Stalker  
  26  4:35  Pylon  
  28  4:39  Probe  
  29  4:47  Sentry  
  29  4:51  Probe  
  32  5:03  Probe  
  33  5:11  Shield Battery, Stalker  
  35  5:15  Probe  
  36  5:23  Stalker  
  36  5:28  Assimilator  
  38  5:51  Shield Battery  
  38  5:59  Shield Battery  
  38  6:02  Stalker (Chrono Boost)  
  42  6:11  Stalker (Chrono Boost)  
  42  6:22  Warp Gate  
  42  6:23  Nexus  
  42  6:26  Shield Battery  
  42  6:29  Pylon  
  42  6:44  Shield Battery  
  40  7:07  Stalker x2 (Chrono Boost)  
  33  7:34  Stalker x2 (Chrono Boost)  
  37  7:38  Probe  
  34  8:06  Stalker (Chrono Boost)  
  30  8:21  Probe  
  30  8:22  Gateway  
  30  8:23  Gateway  
  30  8:25  Stalker  
  33  8:33  Probe  
  34  8:41  Stalker  
  36  8:44  Stalker  
  38  8:53  Pylon  
  38  8:57  Stalker  
  40  9:07  Stalker  
  42  9:16  Stalker  
  44  9:18  Stalker  
  46  9:33  Sentry  
  46  9:35  Probe  
  49  9:40  Sentry  
  49  9:42  Sentry  
  53  9:47  Probe  
  53  9:51  Probe  
  55  9:54  Stalker  
  55  10:03  Stalker  
Show
View Real Time Build Order
Export as new Build Order

Scarlett Zerg - Winner!

Build Orders: Pool First, Ravager All-In 

Get SALT Encoding   

  12  0:18  Spawning Pool  
  11  0:21  Drone  
  11  0:26  Drone  
  13  0:31  Drone  
  14  0:39  Overlord  
  14  1:05  Zergling x6  
  14  1:07  Extractor  
  16  1:16  Zergling x2  
  17  1:23  Hatchery  
  16  1:27  Drone  
  17  1:40  Drone  
  18  1:47  Extractor  
  18  1:48  Drone  
  18  1:56  Roach Warren  
  17  2:14  Drone x2  
  19  2:32  Overlord  
  19  2:33  Drone  
  19  2:37  Queen  
  21  2:49  Roach  
  20  2:59  Roach  
  20  3:04  Roach  
  24  3:11  Ravager  
  25  3:13  Roach  
  27  3:24  Roach  
  29  3:30  Ravager x2  
  31  3:39  Ravager  
  32  3:41  Roach  
  31  3:52  Ravager  
  32  4:04  Roach  
  36  4:12  Overlord  
  36  4:16  Roach  
  36  4:29  Roach  
  36  4:35  Roach x2  
  40  4:40  Ravager  
  40  4:43  Roach  
  43  4:49  Overlord  
  43  4:54  Drone  
  44  5:09  Drone x2  
  44  5:11  Ravager x2  
  48  5:22  Queen  
  50  5:38  Drone x2  
  50  5:39  Overlord  
  52  5:58  Roach  
  52  5:59  Roach x2  
  52  6:01  Ravager x2  
  52  6:02  Ravager  
  58  6:12  Overlord  
  58  6:13  Drone  
  59  6:24  Overlord  
  61  6:33  Roach x2  
  63  6:43  Ravager x3  
  63  6:45  Roach x2  
  58  7:07  Ravager  
  58  7:08  Ravager  
  46  7:28  Ravager x2  
  45  7:30  Roach x3  
  45  7:33  Drone  
  41  8:03  Ravager  
  39  8:10  Ravager  
  40  8:18  Roach  
  40  8:19  Roach x2  
  46  8:21  Hatchery  
  46  8:22  Queen  
  46  8:23  Queen  
  46  8:24  Drone x3  
  52  8:34  Metabolic Boost  
  52  8:39  Roach  
  52  8:40  Zergling x2  
  52  8:41  Zergling x2  
  56  8:51  Zergling x2  
  56  8:53  Ravager  
  56  8:54  Zergling x2  
  59  8:57  Zergling x2  
  59  9:00  Queen  
  62  9:03  Ravager  
  62  9:09  Zergling x4  
  65  9:18  Zergling x2  
  65  9:20  Ravager  
  65  9:21  Roach  
  69  9:28  Zergling x2  
  70  9:32  Overlord  
  70  9:34  Roach, Zergling x2  
  70  9:35  Zergling x4  
  75  9:39  Ravager  
  76  9:47  Zergling x6  
Tags
 
Add a new tag
Caveats
  • Supply blocks, unpowered buildings, or Contaminate may cause inaccurate times.
  • Supply counts are checked every 10 seconds.